 Dungeon Crawl Stone Soup version 0.24.0-125-gc4c63601f3 (webtiles) character file.

Game seed: 17969206853192552115, levelgen mode: deterministic

713 Lemonice the Vandal (level 8, -6/51 HPs)
             Began as a Halfling Arcane Marksman on Feb 20, 2020.
             Killed by divine providence
             ... invoked by an orc priest
              (17 damage)
             ... on level 4 of the Dungeon.
             The game lasted 00:15:22 (6075 turns).

Lemonice the Vandal (Halfling Arcane Marksman)      Turns: 6075, Time: 00:15:22

Health: -6/51      AC:  3    Str: 18    XL:     8   Next: 1%
Magic:  11/11      EV: 16    Int: 11    God:
Gold:   326        SH:  0    Dex: 17    Spells: 9/12 levels left

rFire    . . .     SeeInvis .   b - +0 short sword
rCold    . . .     Gourm    .   (shield restricted)
rNeg     + . .     Faith    .   m - +0 leather armour
rPois    .         Spirit   .   (no helmet)
rElec    .         Reflect  .   (no cloak)
rCorr    .         Harm     .   (no gloves)
MR       .....                  (no boots)
Stlth    +.........             (no amulet)
HPRegen  0.17/turn              l - +5 ring of strength
MPRegen  0.12/turn              n - ring of positive energy

@: no status effects
A: small, mutation resistance 1, strong 1, wild magic 1
a: no special abilities


You were on level 4 of the Dungeon.
You were very hungry.

You visited 1 branch of the dungeon, and saw 4 of its levels.

You collected 326 gold pieces.

Inventory:

Hand Weapons
 a - a +0 hunting sling
 b - a +0 short sword (weapon)
Missiles
 d - 24 sling bullets (quivered)
 k - 141 stones
Armour
 e - a +0 robe
 m - a +0 leather armour (worn)
Jewellery
 l - a +5 ring of strength (left hand)
 n - a ring of positive energy (right hand)
Wands
 o - a wand of iceblast (9)
Scrolls
 g - 3 scrolls of identify
 h - a scroll of teleportation
 p - a scroll of remove curse
Potions
 c - 3 potions of curing
 i - a potion of ambrosia {unknown}
 j - a potion of haste {unknown}
 q - a potion of degeneration {unknown}
Comestibles
 f - 8 rations


   Skills:
 + Level 2.9 Fighting
 + Level 3.5 Short Blades
 + Level 5.8 Slings
 + Level 4.1 Dodging
 + Level 2.5 Spellcasting
 + Level 3.7 Hexes


You had 9 spell levels left.
You knew the following spells:

 Your Spells              Type           Power        Failure   Level  Hunger
a - Corona                Hex            ##.....      11%         1    ##.....
b - Slow                  Hex            ##......     16%         2    ###....

Your spell library contained the following spells:

 Spells                   Type           Power        Failure   Level  Hunger
 Inner Flame              Hex/Fire       #.......     50%         3    ####...
 Portal Projectile        Hex/Tloc       #.....       50%         3    ####...
 Cause Fear               Hex            ##........   65%         4    #####..
 Leda's Liquefaction      Hex/Erth       #.........   88%         4    #####..


Dungeon Overview and Level Annotations

Branches:
Dungeon (4/15)
 Temple: D:4-7

Altars:
Kikubaaqudgha
Qazlal


Innate Abilities, Weirdness & Mutations

You are small and have problems with some larger weapons.
You are somewhat resistant to further mutation.
Your muscles are strong. (Str +2)
Your spells are a little harder to cast, but a little more powerful.


Message History

There is an open door here.
An orc, 2 orc priests and 2 orc wizards come into view.
An orc priest is wielding a +0 war axe of flaming.
The orc wizard shouts!
The orc shouts!
The orc priest shouts!
The orc priest invokes the aid of Beogh against you.
Beogh smites you!
You hear a shout!
There is an open door here.
As you close the door, it creaks loudly!
An orc opens the door.
The orc priest casts a cantrip, but nothing happens.
The orc priest calls down the wrath of Beogh upon you.
Beogh smites you!
The orc priest mumbles some strange prayers to Beogh against you.
Beogh smites you!
* * * LOW HITPOINT WARNING * * *
There is an open door here.
The orc priest invokes the aid of Beogh against you.
Beogh smites you!
You die...

........................# *,,,,
........................# *....
........................# *....
............[...........# *..o.
##'####+#......########## *.o..
#.......#......# *o.o.
#.......'......# *....
#.###...#......### #######....
#.###...##......@######.o....?...
.........#.......'o...'o.........
.........#.......#....#o.........
..##.....#.......#....#..........
####.....#.......#....#.....#####
,,,#.....#.......#....#.....#,,,*
,,,#.....#.......#....#.....#,,,*
,,*#...###.......######.....#*,,*
***####*,......###*,,,...####*,,*


You could see an orc priest, an orc wizard and an orc.

Vanquished Creatures
  3 ogres
  A bullfrog (D:4)
  2 scorpions (D:4)
  A howler monkey (D:4)
  A hound (D:4)
  An orc wizard (D:4)
  Ijyb (D:4)
  A worker ant (D:4)
  4 adders
  3 worms
  3 dart slugs
  2 leopard geckos
  6 orcs
  A ball python (D:1)
  5 giant cockroaches
  7 goblins
  10 hobgoblins
  12 jackals
  2 quokkas
  15 bats
  5 frilled lizards
  9 kobolds
  12 rats
107 creatures vanquished.

Notes
Turn   | Place    | Note
-------+----------+-------------------------------------------
     0 | D:1      | Lemonice the Halfling Arcane Marksman began the quest for
                  | the Orb.
     0 | D:1      | Reached XP level 1. HP: 12/12 MP: 2/2
   129 | D:1      | Reached XP level 2. HP: 13/18 MP: 3/3
   338 | D:1      | Reached skill level 1 in Fighting
   668 | D:1      | Reached XP level 3. HP: 18/23 MP: 1/4
  1029 | D:1      | Reached skill level 1 in Short Blades
  1575 | D:2      | Reached XP level 4. HP: 22/28 MP: 5/5
  1656 | D:2      | Gained mutation: Your muscles are strong. (Str +2) [potion
                  | of mutation]
  1656 | D:2      | Gained mutation: Your spells are a little harder to cast,
                  | but a little more powerful. [potion of mutation]
  1965 | D:2      | Learned a level 2 spell: Slow
  2253 | D:2      | Found an ancient bone altar of Kikubaaqudgha.
  2316 | D:2      | Found a stormy altar of Qazlal.
  2940 | D:3      | Reached skill level 4 in Slings
  3295 | D:3      | Found a faded altar of an unknown god.
  3365 | D:3      | Reached XP level 5. HP: 25/33 MP: 7/7
  3904 | D:4      | Noticed an ogre
  4169 | D:3      | Killed an ogre
  4169 | D:3      | Reached XP level 6. HP: 39/39 MP: 5/8
  4214 | D:4      | Noticed an ogre
  4755 | D:4      | Reached skill level 5 in Slings
  4755 | D:4      | Reached XP level 7. HP: 29/45 MP: 4/10
  5849 | D:4      | Noticed Ijyb
  5860 | D:4      | Killed Ijyb
  5860 | D:4      | Reached XP level 8. HP: 38/51 MP: 8/11
  6075 | D:4      | Killed from afar by an orc priest

Levels and vault maps discovered:
D:1:      dpeg_arrival_court, layout_basic, minmay_pentomino_u4
D:2:      minmay_recursive_quarters, layout_basic,
          lemuel_zombie_altar_kikubaaqudgha, grunt_qazlal_clouds
D:3:      layout_loops_cross, first_ration, chequers_ecumenical_altar_island,
          serial_bayou_crossing
D:4:      layout_gridville, uniq_ijyb

Skill      XL: |  1  2  3  4  5  6  7 |
---------------+----------------------+-----
Fighting       | 1 2 |  2.9
Short Blades   | 1 2 3 |  3.5
Slings         | 4 5 |  5.8
Hexes          | 3 |  3.7
Dodging        | 3 4 |  4.1
Spellcasting   | 2 |  2.5

Action                   |  1- 3 |  4- 6 |  7- 9 || total
-------------------------+-------+-------+-------++-------
Melee: Short sword       |   134 |   214 |    68 ||   416
 Fire: Hunting sling     |    16 |    13 |    33 ||    62
 Cast: Corona            |    14 |     9 |     8 ||    31
       Slow              |       |     8 |    11 ||    19
  Use: Potion            |       |     1 |       ||     1
       Scroll            |       |       |     6 ||     6
 Stab: Sleeping          |     1 |     2 |       ||     3
  Eat: Chunk             |     3 |     7 |     5 ||    15
       Ration            |       |     1 |       ||     1
Armor: Robe              |    31 |       |       ||    31
       Leather armour    |       |    34 |     7 ||    41
Dodge: Dodged            |   135 |   167 |    47 ||   349
